 Dungeon Crawl Stone Soup version 0.30-a0-824-g6c64550be9 (webtiles) character file.

Game seed: 12873970959984477527

595 cforsyth the Sneak (level 7, -4/44 HPs)
             Began as a Kobold Brigand on Feb 28, 2023.
             Killed from afar by an orc wizard (6 damage)
             ... with a magic dart
             ... on level 5 of the Dungeon.
             The game lasted 00:04:50 (4554 turns).

cforsyth the Sneak (Kobold Brigand)                 Turns: 4554, Time: 00:04:51

Health: -4/44      AC:  4    Str: 14    XL:     7   Next: 67%
Magic:  7/7        EV: 17    Int: 12    God:
Gold:   253        SH:  0    Dex: 19    Spells: 6/6 levels left

rFire   . . .      SeeInvis .    a - +2 dagger
rCold   . . .      Faith    .    (no shield)
rNeg    . . .      Spirit   .    b - +0 robe
rPois   .          Reflect  .    (no helmet)
rElec   .          Harm     .    c - +0 cloak
rCorr   .          Rampage  .    m - +0 pair of gloves
Will    .....                    (no boots)
Stlth   +++                      (no amulet)
HPRegen 0.27/turn                i - +6 ring of strength
MPRegen 0.10/turn                (no ring)

@: confused, mighty
A: small, no large weapons, nightstalker 3
a: no special abilities


You were on level 5 of the Dungeon.
You visited 1 branch of the dungeon, and saw 5 of its levels.

You collected 253 gold pieces.

Inventory:

Hand Weapons
 a - a +2 dagger (weapon)
Missiles
 d - 9 poisoned darts (quivered)
 e - 3 curare-tipped darts
Armour
 b - a +0 robe (worn)
 c - a +0 cloak (worn)
 m - a +0 pair of gloves (worn)
Jewellery
 i - a +6 ring of strength (left hand)
Wands
 x - a wand of flame (6)
Scrolls
 h - 3 scrolls of vulnerability {unknown}
 k - 7 scrolls of identify {unknown}
 l - 2 scrolls of enchant armour {unknown}
 o - 2 scrolls of noise {unknown}
 r - a scroll of enchant weapon {unknown}
 t - a scroll of torment {unknown}
 u - 2 scrolls of teleportation {unknown}
 w - a scroll of fog {unknown}
 y - a scroll of amnesia {unknown}
 A - a scroll of immolation {unknown}
 B - a scroll of fear {unknown}
 D - a scroll of magic mapping {unknown}
Potions
 f - a potion of flight {unknown}
 g - 2 potions of might
 j - a potion of magic {unknown}
 n - a potion of mutation {unknown}
 p - 3 potions of curing
 q - a potion of brilliance {unknown}
 s - a potion of cancellation {unknown}
 v - 3 potions of haste {unknown}
 z - a potion of lignification {unknown}
 C - a potion of attraction {unknown}


   Skills:
 + Level 4.7 Fighting
 + Level 5.6 Short Blades
 - Level 2.1 Throwing
 + Level 4.7 Dodging
 + Level 7.6 Stealth


You had 6 spell levels left.
You didn't know any spells.
Your spell library was empty.

Dungeon Overview and Level Annotations

Branches:
Dungeon (5/15)
 Temple: D:4-7

Altars:
Okawaru
Zin

Shops:
D:5 (

Annotations:
D:3 1 runed translucent door, cforsyth's ghost, amateur KoBr


Innate Abilities, Weirdness & Mutations

You are small and have problems with some larger weapons.
You are completely attuned to the shadows.


Message History

You closely miss something. Something hits you but does no damage.
You miss something. You miss something. Something hits you but does no damage.
You hit something but do no damage. Something hits you.
You hit something but do no damage. You hit something. Something hits you.
You hit something. Something hits you but does no damage.
You hit something. Something barely misses you.
You closely miss something. You hit something but do no damage.
Something hits you.
You hit something but do no damage. Something hits you.
You miss something. Something hits you but does no damage.
You closely miss something. You hit something.
You hear some strange, mumbled words.
A magic dart appears from out of thin air!
The magic dart hits you.
* * * LOW HITPOINT WARNING * * *
You closely miss something.
You hear some strange, mumbled words.
A magic dart appears from out of thin air!
The magic dart hits you.
* * * LOW HITPOINT WARNING * * *
You hit something.
You hear some strange, mumbled words.
You are confused.
You bump into the rock wall.
Something hits you.
* * * LOW HITPOINT WARNING * * *
Unknown command.
It was a potion of might.
You feel very mighty all of a sudden. Something hits you.
* * * LOW HITPOINT WARNING * * *
You miss something.
Unknown command.
Something hits you.
* * * LOW HITPOINT WARNING * * *
A magic dart appears from out of thin air!
The magic dart hits you.
You die...

## #..##
..##...##
#.......
#)..... #..#
#..# #{)# #..#
#@.############
#.............#
##............#
##########...##
###..# #..#
#..## #...#
##..<##


There were no monsters in sight!

Vanquished Creatures
  An ogre (D:5)
  2 phantoms
  A necrophage (D:4)
  A scorpion (D:5)
  3 iguanas
  An orc wizard (D:4)
  A gnoll (D:5)
  3 adders
  A worm (D:2)
  3 dart slugs
  10 orcs
  3 endoplasms
  2 giant cockroaches
  9 goblins
  9 hobgoblins
  3 jackals (D:2)
  7 kobolds
  3 quokkas
  12 ball pythons
  5 bats
  4 frilled lizards
  9 rats
93 creatures vanquished.

Notes
Turn   | Place    | Note
-------+----------+-------------------------------------------
     0 | D:1      | cforsyth the Kobold Brigand began the quest for the Orb.
     0 | D:1      | Reached XP level 1. HP: 12/12 MP: 1/1
   120 | D:1      | Reached XP level 2. HP: 15/18 MP: 2/2
   480 | D:1      | Found a faded altar of an unknown god.
   540 | D:1      | Reached XP level 3. HP: 22/22 MP: 3/3
  1253 | D:2      | Reached XP level 4. HP: 27/27 MP: 4/4
  1796 | D:2      | Reached skill level 6 in Stealth
  1999 | D:3      | Noticed a phantom
  2003 | D:3      | Killed a phantom
  2004 | D:3      | Reached XP level 5. HP: 32/32 MP: 5/5
  2231 | D:3      | Noticed cforsyth's ghost (amateur KoBr)
  2429 | D:3      | Found a runed translucent door.
  2913 | D:4      | Reached XP level 6. HP: 7/38 MP: 6/6
  3298 | D:4      | Found an iron altar of Okawaru.
  3307 | D:4      | Noticed a black bear
  3327 | D:4      | Found a glowing silver altar of Zin.
  3723 | D:5      | Entered Level 5 of the Dungeon
  3723 | D:5      | Found Xupt's Weapon Shop.
  3726 | D:5      | Reached skill level 7 in Stealth
  3906 | D:5      | Reached skill level 5 in Short Blades
  4101 | D:5      | Reached XP level 7. HP: 41/44 MP: 7/7
  4553 | D:5      | HP: 2/44 [something (2)]
  4554 | D:5      | Killed from afar by an orc wizard

Illustrated notes

Levels and vault maps discovered:
D:1:      nicolae_arrival_somewhat_less_tricky_arrival, layout_loops_ring,
          ebering_ecumenical_altar_webs
D:2:      layout_basic, hex_tiny, minmay_hedge_maze
D:3:      layout_loops_ring, hellmonk_ghost_happy_afterlife
D:4:      layout_loops_cross, mainiacjoe_overflow_catwalk_spiral,
          feat_on_display
D:5:      layout_layer_cave, nicolae_stop_n_shop_2, serial_bayou_pond_e,
          kennysheep_generic_room_12

Skill      XL: |  1  2  3  4  5  6 |
---------------+-------------------+-----
Short Blades   | 3 4 5 |  5.6
Dodging        | 2 3 4 |  4.7
Fighting       | 3 4 |  4.7
Stealth        | 6 7 |  7.6
Throwing       | |  2.1

Action                     |  1- 3 |  4- 6 |  7- 9 || total
---------------------------+-------+-------+-------++-------
  Melee: Dagger            |    90 |   192 |    82 ||   364
         Punch             |     2 |       |     3 ||     5
    Use: Potion            |       |       |     1 ||     1
   Stab: Sleeping          |    15 |    17 |     2 ||    34
         Held in net/web   |     1 |       |       ||     1
         Distracted        |       |     1 |       ||     1
 Armour: Robe              |     8 |    46 |    17 ||    71
  Dodge: Dodged            |    40 |   140 |    52 ||   232

Table legend: (Time is in decaauts)
 A = Elapsed time spent in this place.
 B = Non-inter-level travel time spent in this place.
 C = Inter-level travel time spent in this place.
 D = Time resting spent in this place.
 E = Time spent auto-exploring this place.
 F = Levels seen in this place.
 G = Mean time per level.
                   A        B        C        D        E       F      G
               +--------+--------+--------+--------+--------+-----+--------+
         Total |   4480 |   4416 |     64 |     67 |   3574 |   5 |  896.0 |
       Dungeon |   4480 |   4416 |     64 |     67 |   3574 |   5 |  896.0 |
               +--------+--------+--------+--------+--------+-----+--------+

Top non-repeatable levels by time:
     D:4: 1062 daAuts
     D:1: 958 daAuts
     D:2: 943 daAuts
     D:3: 815 daAuts
     D:5: 699 daAuts
